 Dungeon Crawl Stone Soup version 0.28-a0-533-g9f97627e2a (webtiles) character file.

Game seed: 1347409180714675442

25 Drevant2 the Bolt Thrower (level 3, -2/20 HPs)
             Began as a Kobold Arcane Marksman on Sept 25, 2021.
             Slain by an ufetubus (3 damage)
             ... on level 2 of the Dungeon.
             The game lasted 00:02:13 (1276 turns).

Drevant2 the Bolt Thrower (Kobold Arcane Marksman)  Turns: 1276, Time: 00:02:14

Health: -2/20      AC:  2    Str:  7    XL:     3   Next: 20%
Magic:  4/4        EV: 15    Int: 14    God:
Gold:   77         SH:  0    Dex: 16    Spells: 2/4 levels left

rFire   . . .      SeeInvis .   a - +0 hand crossbow
rCold   . . .      Faith    .   (shield restricted)
rNeg    . . .      Spirit   .   d - +0 robe
rPois   .          Reflect  .   (no helmet)
rElec   .          Harm     .   (no cloak)
rCorr   .          Rampage  .   (no gloves)
Will    .....                   (no boots)
Stlth   ++........              (no amulet)
HPRegen 0.06/turn               (no ring)
MPRegen 0.09/turn               (no ring)

@: no status effects
A: small, no large weapons, nightstalker 3
a: no special abilities


You were on level 2 of the Dungeon.
You visited 1 branch of the dungeon, and saw 2 of its levels.

You collected 77 gold pieces.

Inventory:

Hand Weapons
 a - a +0 hand crossbow (weapon)
 l - a +0 dagger
Missiles
 c - 14 bolts (quivered ammo)
Armour
 d - a +0 robe (worn)
Jewellery
 e - a ring of poison resistance
 f - a ring of ice
Scrolls
 b - a scroll of identify {unknown}
 h - a scroll of immolation {unknown}
 k - a scroll of amnesia {unknown}
Potions
 g - a potion of curing {unknown}
 i - a potion of haste {unknown}
 j - a potion of ambrosia {unknown}


   Skills:
 - Level 1.1 Fighting
 * Level 3.7 Crossbows
 - Level 2.4 Dodging
 - Level 1.1 Spellcasting
 + Level 3.4 Hexes


You had 2 spell levels left.
You knew the following spells:

 Your Spells              Type           Power      Damage    Failure   Level
a - Slow                  Hex            10%        N/A       10%         2

Your spell library contained the following spells:

 Spells                   Type           Power      Damage    Failure   Level
 Inner Flame              Hex/Fire       5%         N/A       36%         3
 Portal Projectile        Hex/Tloc       10%        N/A       36%         3
 Cause Fear               Hex            5%         N/A       54%         4
 Gell's Gravitas          Tloc           0%         N/A       61%         3
 Lesser Beckoning         Tloc           0%         N/A       61%         3
 Teleport Other           Tloc           0%         N/A       61%         3


Dungeon Overview and Level Annotations

Branches:
Dungeon (2/15)

Altars:


Innate Abilities, Weirdness & Mutations

You are small and have problems with some larger weapons.
You are completely attuned to the shadows.


Message History

You hit the giant cockroach.
You kill the giant cockroach!
No target in view!
An ufetubus comes into view.
The ufetubus shouts!
a - a +0 hand crossbow (weapon)
The ufetubus barely misses you. The ufetubus hits you.
The ufetubus barely misses you.
The ufetubus hits you but does no damage.
You shoot a bolt. The bolt closely misses the ufetubus.
The ufetubus closely misses you. x3; The ufetubus misses you.
You shoot a bolt. The bolt barely misses the ufetubus.
The ufetubus closely misses you. x2
An endoplasm comes into view.
The ufetubus closely misses you. The ufetubus completely misses you.
You shoot a bolt. The bolt barely misses the ufetubus.
The ufetubus hits you. x2
A quokka comes into view.
The ufetubus hits you. x2
You are too injured to fight recklessly!
You are too injured to fight recklessly!
You are too injured to fight recklessly!
The ufetubus closely misses you. x2
The ufetubus hits you.
* * * LOW HITPOINT WARNING * * *
The ufetubus barely misses you.
You are too injured to fight recklessly!
You are too injured to fight recklessly!
You are too injured to fight recklessly!
You are too injured to fight recklessly!
You are too injured to fight recklessly!
Fire: 15 bolts
Press: ? - help, Q - select action, (/) - cycle Shift-Dir - straight line, f/p - ufetubus
Aim: an ufetubus (48% to hit)
You shoot a bolt. The bolt hits the ufetubus.
The ufetubus is almost dead.
The ufetubus hits you.
* * * LOW HITPOINT WARNING * * *
The ufetubus hits you but does no damage.
The ufetubus hits you.
You die...

#.#####>########.#
#......#......##.#
#######.#####.##.#
#.# #.##.# #.# #.##.#
####.# #.##.#
♣###....#####.##.####
........##...........
.#÷......#.##.##@####
##.(.......##.##5#
#.......####.##.#####
###..........##J#...
#....########.#.#
##.#.##......#.(#
#.#.##.#####.#....
#.#.##.### #####.r
#.#......# #


You could see an ufetubus and an endoplasm.

Vanquished Creatures
  An adder (D:2)
  A ball python (D:2)
  3 bats
  An endoplasm (D:1)
  A giant cockroach (D:2)
  A goblin (D:2)
  2 hobgoblins (D:1)
  2 frilled lizards (D:2)
  A kobold (D:1)
  4 rats
17 creatures vanquished.

Vanquished Creatures (others)
  2 plants (D:2)
2 creatures vanquished.

Grand Total: 19 creatures vanquished

Notes
Turn   | Place    | Note
-------+----------+-------------------------------------------
     0 | D:1      | Drevant2 the Kobold Arcane Marksman began the quest for the
                  | Orb.
     0 | D:1      | Reached XP level 1. HP: 12/12 MP: 2/2
   380 | D:1      | Reached XP level 2. HP: 16/16 MP: 3/3
   918 | D:2      | Reached XP level 3. HP: 20/20 MP: 4/4
   937 | D:2      | Learned a level 2 spell: Slow
  1276 | D:2      | HP: 1/20 [ufetubus (4)]
  1276 | D:2      | Slain by an ufetubus

Illustrated notes

Levels and vault maps discovered:
D:1:      wander_arrival_desolate, layout_basic
D:2:      layout_loops_ring, serial_forest, infiniplex_forest_side_room,
          infiniplex_forest_corner_1, infiniplex_forest_clump_diagonal,
          infiniplex_forest_lined_3, infiniplex_forest_fountain,
          infiniplex_forest_lined_2, infiniplex_forest_straight_3,
          infiniplex_forest_end_double

Skill      XL: |  1 |
---------------+----+-----
Crossbows      | 3 |  3.7
Fighting       | |  1.1
Dodging        | |  2.4
Spellcasting   | |  1.1
Hexes          | |  3.4

Action                   || total
-------------------------++-------
Melee: Dagger            ||    18
 Fire: Hand crossbow     ||    32
 Stab: Sleeping          ||     4
Armor: Robe              ||    11
Dodge: Dodged            ||    41

Table legend: (Time is in decaauts)
 A = Elapsed time spent in this place.
 B = Non-inter-level travel time spent in this place.
 C = Inter-level travel time spent in this place.
 D = Time resting spent in this place.
 E = Time spent auto-exploring this place.
 F = Levels seen in this place.
 G = Mean time per level.
                   A        B        C        D        E       F      G
               +--------+--------+--------+--------+--------+-----+--------+
         Total |   1285 |   1198 |     87 |      0 |   1040 |   2 |  642.5 |
       Dungeon |   1285 |   1198 |     87 |      0 |   1040 |   2 |  642.5 |
               +--------+--------+--------+--------+--------+-----+--------+

Top non-repeatable levels by time:
     D:1: 814 daAuts
     D:2: 470 daAuts
